 Dungeon Crawl Stone Soup version 0.24.0-13-gcf9b319 (webtiles) character file.

Game seed: 2232516385703082360, levelgen mode: deterministic

67 Bronimir the Chopper (level 3, -1/29 HPs)
             Began as a Centaur Gladiator on Apr 19, 2020.
             Slain by Natasha (7 damage)
             ... on level 2 of the Dungeon.
             The game lasted 00:03:52 (1379 turns).

Bronimir the Chopper (Centaur Gladiator)            Turns: 1379, Time: 00:03:52

Health: -1/29      AC:  5    Str: 17    XL:     3   Next: 98%
Magic:  3/3        EV: 10    Int:  7    God:
Gold:   62         SH:  0    Dex: 10    Spells: 2/2 levels left

rFire    . . .     SeeInvis .   a - +0 war axe
rCold    . . .     Gourm    .   (no shield)
rNeg     . . .     Faith    .   e - +0 leather armour
rPois    .         Spirit   .   c - +0 helmet
rElec    .         Reflect  .   (no cloak)
rCorr    .         Harm     .   (no gloves)
MR       .....                  (no barding)
Stlth    ..........             (no amulet)
HPRegen  0.09/turn              (no ring)
MPRegen  0.08/turn              (no ring)

@: slowed
A: large, hooves 3, deformed body, speed 2, tough skin 3
a: no special abilities


You were on level 2 of the Dungeon.
You were hungry.

You visited 1 branch of the dungeon, and saw 2 of its levels.

You collected 62 gold pieces.

Inventory:

Hand Weapons
 a - a +0 war axe (weapon)
 b - a +0 hunting sling
 o - a +0 spear
Missiles
 d - 3 throwing nets (quivered)
 l - 17 stones
 p - 21 bolts
Armour
 c - a +0 helmet (worn)
 e - a +0 leather armour (worn)
Jewellery
 g - an uncursed amulet of regeneration {unknown}
Scrolls
 j - 2 scrolls of remove curse {unknown}
 k - 3 scrolls of identify {unknown}
 n - a scroll of teleportation {unknown}
 r - a scroll of enchant armour {unknown}
 s - a scroll of random uselessness {unknown}
Potions
 h - a potion of heal wounds {unknown}
 m - a potion of berserk rage {unknown}
 q - a potion of haste {unknown}
Comestibles
 f - 2 rations


   Skills:
 * Level 2.3 Fighting
 * Level 3.4 Axes
 + Level 1.3(2.0) Slings
 + Level 2.2(2.4) Throwing
 * Level 0.6 Armour
 * Level 2.5 Dodging


You had 2 spell levels left.
You didn't know any spells.
Your spell library was empty.

Dungeon Overview and Level Annotations

Branches:
Dungeon (2/15)

Altars:
Wu Jian

Annotations:
D:2 Natasha


Innate Abilities, Weirdness & Mutations

You have hooves in place of feet.
Armour fits poorly on your strangely shaped body.
You cover ground very quickly.
You have extremely tough skin. (AC +3)


Message History

Natasha claws you.
You barely miss Natasha. You slash the white imp!
The white imp barely misses you. Natasha claws you. Natasha claws you!
The white imp hits you. The white imp freezes you.
* * * LOW HITPOINT WARNING * * *
You are too injured to fight recklessly!
You are too injured to fight recklessly!
You hit Natasha.
Natasha is lightly wounded.
You hit the white imp.
You kill the white imp!
Natasha mumbles some strange words.
You feel troubled. Natasha claws you but does no damage.
Natasha stares at you and mumbles some strange words.
You feel as though you will be slow longer.
You closely miss Natasha. Your kick misses Natasha.
Natasha is lightly wounded.
Natasha closely misses you. Natasha claws you!
You die...

.......... .....##.......#####
....##...........#
......#<.........#
#.....<..........+
#................# #....
###...#..........## #....
#...h.####.......# ..
.....#....###...@.# #.......#...
.....#.....##.....# #####'#+#...
...........##....########........
+#...............................
...................#.............
...................#.............
..............######......##>....
..........?...# #......###....
..............# ###........###


You could see Natasha.

Vanquished Creatures
  Natasha (D:2)
  An adder (D:2)
  A dart slug (D:1)
  A ball python (D:1)
  8 goblins
  4 hobgoblins
  4 jackals (D:1)
  A kobold (D:1)
  4 bats
  2 frilled lizards (D:1)
  3 rats (D:1)
30 creatures vanquished.

Notes
Turn   | Place    | Note
-------+----------+-------------------------------------------
     0 | D:1      | Bronimir the Centaur Gladiator began the quest for the Orb.
     0 | D:1      | Reached XP level 1. HP: 17/17 MP: 1/1
   282 | D:1      | Reached skill level 3 in Axes
   282 | D:1      | Reached XP level 2. HP: 23/24 MP: 2/2
   870 | D:1      | Reached XP level 3. HP: 29/29 MP: 3/3
  1147 | D:2      | Found an ornate altar of the Wu Jian Council.
  1160 | D:2      | Reached skill level 1 in Slings
  1289 | D:2      | Noticed Natasha
  1300 | D:2      | Killed Natasha
  1369 | D:2      | Noticed Natasha
  1379 | D:2      | Slain by Natasha

Levels and vault maps discovered:
D:1:      sevenhm_arrival_forest_fort_small_5, layout_loops_corners,
          chequers_serial_rivers_micro_a
D:2:      layout_basic, old_standard_altar, first_ration, uniq_natasha

Skill      XL: |  1  2  3 |
---------------+----------+-----
Axes           | 3 |  3.4
Slings         | 1 |  1.3
Fighting       | |  2.3
Throwing       | |  2.2
Armour         | |  0.6
Dodging        | |  2.5

Action                   || total
-------------------------++-------
Melee: War axe           ||    52
       Kick              ||     9
 Fire: Hunting sling     ||    30
Armor: Leather armour    ||    32
Dodge: Dodged            ||    39
